AoeStats
← Cheonma

MegaRandom

508881713Analyzed
4v4 RM · 8d ago on Sep 24, 2026· 26m 57s· 8 players
Game mode
Random Map
Map size
Large (8 player)
Population
200
Speed
Normal
Resources
Standard
Victory
Conquest
Starting age
Dark Age
Ending age
Imperial Age
RankedLock teamsTeams togetherTeam positionsShared explorationLock speedFull tech treeHidden civsTurbo modeCheats
Victory
Defeat
🇦🇷 Malay · Argentina
1345
+13
🇦🇷 Varangians · Argentina
1294
+15
🇦🇷 Magyars · Argentina
1289
+15
🇦🇷 Cumans · Argentina
1284
+15
🇨🇴 Saracens · Colombia
1309
-16
🇨🇳 Varangians · China
1268
-14
🇪🇸 Khmer · Spain
1251
-14
🇨🇦 Jurchens · Canada
1251
-14
laofengzi
5:35 Loom
9:59 Feudal Age
13:59 Castle Age
12:16 Double-Bit Axe
18:24 Bloodlines
18:23 Fishing Lines
21:15 Gillnets
24:37 Husbandry
DropDongHitBong420
9:23 Loom
14:21 Feudal Age
18:09 Castle Age
16:00 Double-Bit Axe
16:00 Horse Collar
21:02 Bow Saw
21:01 Heavy Plow
Dr_Sanz
7:46 Loom
11:06 Feudal Age
15:35 Castle Age
13:22 Double-Bit Axe
13:18 Horse Collar
14:59 Bloodlines
16:26 Husbandry
16:38 Bow Saw
19:35 Wheelbarrow
21:15 Town Watch
zularombr
1:50 Loom
9:32 Feudal Age
10:20 Man-at-Arms
15:27 Fletching
18:16 Double-Bit Axe
18:47 Padded Archer Armor
27:20 Castle Age
25:29 Gold Mining
RDA Infernus
10:22 Feudal Age
10:51 Loom
11:04 Double-Bit Axe
12:33 Bloodlines
13:41 Fishing Lines
15:27 Forging
17:03 Wheelbarrow
20:26 Castle Age
18:53 Horse Collar
20:20 Scale Barding Armor
20:45 Light Cavalry
21:26 Husbandry
24:02 Chain Barding Armor
27:39 Iron Casting
RDA | Damiii el TORO
3:10 Loom
11:57 Feudal Age
11:43 Double-Bit Axe
19:38 Castle Age
18:56 Fletching
19:23 Gold Mining
19:38 Crossbowman
20:55 Bodkin Arrow
25:52 Bow Saw
26:57 Padded Archer Armor
27:57 Wheelbarrow
27:13 Horse Collar
RDA | Trippelonga
6:25 Loom
9:23 Feudal Age
10:06 Double-Bit Axe
21:51 Castle Age
20:10 Scale Barding Armor
20:31 Bloodlines
20:23 Horse Collar
21:52 Light Cavalry
22:54 Chain Barding Armor
25:16 Gold Mining
Cheonma
6:16 Loom
10:00 Feudal Age
21:48 Padded Archer Armor
27:11 Castle Age
25:52 Double-Bit Axe
25:49 Horse Collar
Connection lost

Rejoining the realm…

Still unreachable

The connection could not be restored.

Session expired

The server has moved on; the page needs a fresh start.